 Dungeon Sprint DCSS version 0.17.0-28-g6e173f8 (webtiles) character file.

4638 Avanven the Unseen (level 10, -5/67 HPs)
             Began as a Kobold Assassin on Nov 23, 2015.
             Was an Elder of Dithmenos.
             Slain by a demonic crawler (9 damage)
             ... in the Dungeon (Sprint I: "Red Sonja").
             The game lasted 00:04:19 (543 turns).

Avanven the Unseen (Kobold Assassin)                 Turns: 543, Time: 00:04:19

Health: -5/67      AC:  3    Str: 10    XL:     10   Next: 70%
Magic:  10/10      EV: 29    Int:  9    God:    Dithmenos [****..]
Gold:   735        SH:  0    Dex: 21    Spells: 0 memorised, 9 levels left

rFire  . . .     SeeInvis .     p - +0 dagger (venom)
rCold  . . .     Clarity  .     c - +0 robe
rNeg   . . .     SustAt   .     (shield restricted)
rPois  .         Gourm    .     (no helmet)
rElec  .         Spirit   .     d - +0 cloak
rCorr  .         Warding  .     (no gloves)
rMut   .         NoTele   +     (no boots)
MR     .....                    (no amulet)
Stlth  ++++++++++               (no ring)
                                (no ring)

@: exhausted, very slightly contaminated, hasted and slowed, wreathed by umbra,
not resistant to hostile enchantments, uncannily stealthy
A: carnivore 3
a: Shadow Step, Renounce Religion


You were in the Dungeon.
You worshipped Dithmenos.
Dithmenos was greatly pleased with you.
You were very full.

You visited 1 branch You collected 735 gold pieces.

Inventory:

Hand Weapons
 a - a +2 dagger
 b - a +0 blowgun
 p - a +0 dagger of venom (weapon)
Missiles
 e - 8 poisoned needles
 f - 11 curare-tipped needles
Armour
 c - a +0 robe (worn)
 d - a +0 cloak (worn)
Jewellery
 r - a cursed amulet of inaccuracy {unknown}
Wands
 s - a wand of magic darts (34)
Scrolls
 m - a scroll of blinking
 q - a scroll of identify {unknown}
Potions
 k - 3 potions of magic
 o - a potion of invisibility {unknown}
Comestibles
 g - a meat ration
 n - 6 chunks of flesh


   Skills:
 - Level 9.7 Fighting
 + Level 14.9 Short Blades
 - Level 2.1 Throwing
 + Level 13.4 Dodging
 + Level 20.5 Stealth


You had 9 spell levels left.
You didn't know any spells.

Dungeon Overview and Level Annotations

Branches:
Dungeon (1/1)

Altars:
Cheibriados
Dithmenos
Elyvilon
Fedhas
Gozag
Kikubaaqudgha
Makhleb
Nemelex Xobeh
Okawaru
Qazlal
Ru
Sif Muna
Trog
Vehumet
Xom
Yredelemnul
Zin
The Shining One
Jiyva

Shops:
D **


Innate Abilities, Weirdness & Mutations

You are small and have problems with some larger weapons.
You are carnivorous and can eat meat at any time.


Message History

The demonic crawler closely misses you. The demonic crawler hits you!
* * * LOW HITPOINT WARNING * * *
The demonic crawler completely misses you.
You hit the demonic crawler but do no damage.
The demonic crawler is poisoned.
The demonic crawler is lightly wounded.
Your shadow hits the demonic crawler but does no damage.
The demonic crawler closely misses you.
The demonic crawler completely misses you.
The demonic crawler hits you.
* * * LOW HITPOINT WARNING * * *
You hit the demonic crawler but do no damage.
You hit the demonic crawler.
The demonic crawler is lightly wounded.
Your shadow barely misses the demonic crawler.
Your extra speed is starting to run out.
The demonic crawler misses you. The demonic crawler hits you.
* * * LOW HITPOINT WARNING * * *
The demonic crawler hits you!
You die...

##########################
#<.#..'..#.)@s.#__#..'..)#
#..'..#.)'..#..†^.'..#...##+#
#.)#####'#####'#__####)..'..#
#..####..#...#(####.§#####..+
#..#__####..##.#§§§§)#§.# +##
#..#_..__##'#..+§§§§§'..#
#⌠⌠#_.∩...'..._#§§§§)#§.#
####_..._##_.#+##'#####+#
#_____###'# #..(.#


You could see a demonic crawler.

Vanquished Creatures
  2 centaur warriors (D)
  Sonja (D)
  A deep troll (D)
  A shining eye (D)
  2 kobold demonologists (D)
  3 demonic crawlers (D)
  A slime creature (D)
  Sigmund (D)
  A yak (D)
  A wasp (D)
  An ogre (D)
  Ijyb (D)
  A jelly (D)
  2 giant eyeballs (D)
19 creatures vanquished.

Notes
Turn   | Place    | Note
--------------------------------------------------------------
     0 | D        | Avanven the Kobold Assassin began the quest for the Orb.
     0 | D        | Reached XP level 1. HP: 12/12 MP: 1/1
     2 | D        | Noticed Ijyb
    22 | D        | Killed Ijyb
    22 | D        | Reached skill level 6 in Short Blades
    22 | D        | Reached skill level 8 in Stealth
    22 | D        | Reached XP level 2. HP: 7/17 MP: 2/2
    22 | D        | Reached XP level 3. HP: 8/21 MP: 3/3
   201 | D        | Noticed an ogre
   204 | D        | Killed an ogre
   204 | D        | Reached skill level 10 in Stealth
   204 | D        | Reached XP level 4. HP: 26/26 MP: 4/4
   204 | D        | Reached XP level 5. HP: 30/30 MP: 5/5
   214 | D        | Noticed Sigmund
   217 | D        | Killed Sigmund
   217 | D        | Reached skill level 13 in Stealth
   217 | D        | Reached XP level 6. HP: 35/35 MP: 6/6
   252 | D        | Found a snail-covered altar of Cheibriados.
   252 | D        | Found a viscous altar of Jiyva.
   252 | D        | Found a shadowy altar of Dithmenos.
   252 | D        | Found a blossoming altar of Fedhas.
   252 | D        | Noticed a slime creature
   255 | D        | Killed a slime creature
   255 | D        | Reached skill level 14 in Stealth
   255 | D        | Reached XP level 7. HP: 33/40 MP: 7/7
   257 | D        | Became a worshipper of Dithmenos the Shadowed
   269 | D        | Noticed a kobold demonologist
   270 | D        | Noticed a kobold demonologist
   274 | D        | Killed a kobold demonologist
   274 | D        | Reached skill level 16 in Stealth
   274 | D        | Reached XP level 8. HP: 39/44 MP: 8/8
   276 | D        | Killed a kobold demonologist
   276 | D        | Reached * piety under Dithmenos
   291 | D        | Found a deep blue altar of Sif Muna.
   291 | D        | Noticed a jelly
   293 | D        | Found a radiant altar of Vehumet.
   297 | D        | Killed a jelly
   300 | D        | Found Sijiurar's General Store.
   300 | D        | Found a white marble altar of Elyvilon.
   300 | D        | Found a stormy altar of Qazlal.
   300 | D        | Found a burning altar of Makhleb.
   300 | D        | Found a sacrificial altar of Ru.
   300 | D        | Found a basalt altar of Yredelemnul.
   300 | D        | Found a glowing golden altar of the Shining One.
   300 | D        | Found a sparkling altar of Nemelex Xobeh.
   300 | D        | Found a shimmering altar of Xom.
   300 | D        | Found an opulent altar of Gozag.
   300 | D        | Found an ancient bone altar of Kikubaaqudgha.
   300 | D        | Found a glowing silver altar of Zin.
   300 | D        | Noticed a yak
   301 | D        | Found an iron altar of Okawaru.
   302 | D        | Killed a yak
   302 | D        | Reached skill level 17 in Stealth
   303 | D        | Found a bloodstained altar of Trog.
   329 | D        | Noticed Sonja
   333 | D        | Killed Sonja
   333 | D        | Reached skill level 18 in Stealth
   333 | D        | Reached XP level 9. HP: 49/55 MP: 9/9
   352 | D        | Noticed a deep troll
   356 | D        | Killed a deep troll
   356 | D        | Reached ** piety under Dithmenos
   383 | D        | Noticed a centaur warrior
   383 | D        | Noticed a centaur warrior
   385 | D        | Killed a centaur warrior
   385 | D        | Reached skill level 19 in Stealth
   385 | D        | Reached XP level 10. HP: 61/65 MP: 10/10
   387 | D        | Killed a centaur warrior
   401 | D        | Noticed a wasp
   404 | D        | Killed a wasp
   431 | D        | Found Gyrutim's Assorted Antiques.
   440 | D        | Noticed a shining eye
   440 | D        | Noticed a shining eye
   440 | D        | Noticed a shining eye
   441 | D        | Noticed a shining eye
   441 | D        | Noticed a shining eye
   441 | D        | Noticed a shining eye
   442 | D        | Reached *** piety under Dithmenos
   443 | D        | Noticed a shining eye
   443 | D        | Noticed a shining eye
   444 | D        | Killed a shining eye
   444 | D        | Reached skill level 20 in Stealth
   478 | D        | Noticed a demonic crawler
   478 | D        | Noticed a demonic crawler
   478 | D        | Noticed a demonic crawler
   478 | D        | Noticed a demonic crawler
   510 | D        | Killed a demonic crawler
   522 | D        | Killed a demonic crawler
   527 | D        | Killed a demonic crawler
   527 | D        | Reached **** piety under Dithmenos
   543 | D        | Slain by a demonic crawler

Action                   |  1- 3 |  4- 6 |  7- 9 | 10-12 || total
-------------------------+-------+-------+-------+-------++-------
Melee: Dagger            |    16 |     2 |     8 |    47 ||    73
 Fire: Blowgun           |     1 |       |       |       ||     1
  Use: Potion            |       |       |     1 |     5 ||     6
 Stab: Sleeping          |     1 |     2 |     8 |     4 ||    15
  Eat: Chunk             |     2 |     4 |       |       ||     6
